 Dungeon Crawl Stone Soup version 0.30.0 (webtiles) character file.

Game seed: 12257123804577249099

5258 porkupine the Firebug (level 10, -3/75 HPs)
             Began as a Naga Fire Elementalist on Aug 26, 2023.
             Was a Follower of Nemelex Xobeh.
             Shot with a sling bullet by Joseph (16 damage)
             ... on level 9 of the Dungeon on Sept 10, 2023.
             The game lasted 01:02:24 (10685 turns).

porkupine the Firebug (Naga Fire Elementalist)     Turns: 10685, Time: 01:02:25

Health: -3/75      AC:  9    Str: 10    XL:     10   Next: 62%
Magic:  1/20       EV: 11    Int: 26    God:    Nemelex Xobeh [*.....]
Gold:   179        SH:  0    Dex: 12    Spells: 5/22 levels left

rFire   . . .        t - +1 shortbow
rCold   . . .        (shield currently unavailable)
rNeg    . . .        g - +2 robe {Will+}
rPois   +            b - +2 helmet
rElec   .            B - +0 cloak
rCorr   .            h - +2 pair of gloves
SInv    +            (no barding)
Will    ++...        v - amulet of the acrobat
Stlth   ++           d - +6 ring of intelligence
HPRegen 0.32/turn    n - ring of wizardry
MPRegen 0.17/turn

%: acrobat, wizardry (x1)
@: short of breath, corroded, very slow
A: AC +3, large, see invisible, deformed body, poison resistance, slowness 2,
spit poison 1, naga tail 1
a: Spit Poison, Renounce Religion, Draw Escape, Draw Destruction, Draw Summoning


You were on level 9 of the Dungeon.
You worshipped Nemelex Xobeh.
Nemelex Xobeh was aware of your devotion.
You visited 1 branch of the dungeon, and saw 9 of its levels.
You also visited: Ossuary.

You collected 509 gold pieces.
You spent 330 gold pieces at shops.

Inventory:

Hand Weapons
 t - a +1 shortbow (weapon)
 y - a +5 morningstar
 K - a +0 dagger of venom
Missiles
 z - a throwing net
 J - 13 poisoned darts
Armour
 b - a +2 helmet (worn)
 g - a +2 robe of willpower (worn)
 h - a +2 pair of gloves (worn)
 p - a scarf of repulsion
 B - a +0 cloak (worn)
 G - a +2 cloak
 M - the +0 scale mail of Cheibriados's Approval {Int+4}
   (You bought it in a shop on level 8 of the Dungeon)

   Int:       It affects your intelligence (+4).
Magical Staves
 F - a staff of death
 I - a staff of conjuration
Jewellery
 d - a +6 ring of intelligence (left hand)
 m - a ring of flight
 n - a ring of wizardry (right hand)
 v - an amulet of the acrobat (around neck)
 w - a ring of resist corrosion
Wands
 a - a wand of paralysis (10)
 u - a wand of flame (10)
 H - a wand of roots (4)
Scrolls
 e - 3 scrolls of teleportation
 j - 2 scrolls of fog
 o - 3 scrolls of butterflies
 s - a scroll of magic mapping
 x - a scroll of vulnerability
Potions
 c - 2 potions of flight
 f - 3 potions of heal wounds
 i - 2 potions of attraction {unknown}
 k - 4 potions of curing
 l - 3 potions of degeneration
 q - a potion of invisibility {unknown}
 r - 2 potions of brilliance {unknown}
 A - 3 potions of might
 C - 3 potions of resistance
 D - 4 potions of haste
 E - a potion of lignification {unknown}
 L - 4 potions of mutation {unknown}


   Skills:
 + Level 6.8 Ranged Weapons
 + Level 5.8 Dodging
 - Level 3.0 Stealth
 + Level 6.7 Spellcasting
 - Level 4.0 Conjurations
 - Level 2.0 Hexes
 * Level 2.9 Summonings
 - Level 1.0 Translocations
 - Level 7.2 Fire Magic
 * Level 2.8 Air Magic


You had 5 spell levels left.
You knew the following spells:

 Your Spells              Type           Power      Damage    Failure   Level
a - Foxfire               Conj/Fire      100%       2x1d9     1%          1
b - Scorch                Fire           92%        2d8       1%          2
c - Flame Wave            Conj/Fire      37%        2d10      2%          4
d - Inner Flame           Hex/Fire       32%        N/A       1%          3
e - Volatile Blastmotes   Fire/Tloc      60%        2d15      1%          3
f - Summon Lightning Spi  Summ/Air       23%        N/A       8%          4

Your spell library contained the following spells:

 Spells                   Type           Power      Damage    Failure   Level
 Magic Dart               Conj           100%       1d8       1%          1
 Call Imp                 Summ           48%        N/A       1%          2
 Static Discharge         Conj/Air       52%        2-5/arc   1%          2
 Sting                    Tmut/Pois      32%        1d4       2%          1
 Ensorcelled Hibernation  Hex/Ice        26%        N/A       2%          2
 Poisonous Vapours        Pois/Air       32%        N/A       2%          2
 Mephitic Cloud           Conj/Pois/Air  20%        N/A       3%          3
 Sublimation of Blood     Necr           8%         N/A       4%          2
 Wereblood                Tmut           8%         N/A       4%          2
 Spider Form              Tmut/Pois      8%         N/A       8%          3
 Airstrike                Air            11%        2d(2-18)  9%          4
 Anguish                  Hex/Necr       6%         N/A       16%         4
 Olgreb's Toxic Radiance  Pois           8%         N/A       26%         4
 Summon Hydra             Summ           12%        N/A       99%         7


Dungeon Overview and Level Annotations

Branches:
Dungeon (9/15)             Temple (0/1) D:7         Ossuary (visited)
   Lair: D:8-11         Orc: D:9-12

Altars:
Ashenzari
Nemelex Xobeh
Sif Muna
Vehumet
Xom

Shops:
D:4 !*:(   D:8 [

Annotations:
D:6 3 runed translucent doors, ElricMelnibone's ghost, amateur GnHs
D:8 exclusion: ice statue
D:9 Joseph


Innate Abilities, Weirdness & Mutations

Your serpentine skin is tough. (AC +3)
You have supernaturally acute eyesight. (SInv)
Armour fits poorly on your strangely shaped body.
Your system is resistant to poisons. (rPois)
You cover ground very slowly.
You can spit poison.
You have a snake-like lower body.


Message History

You kill the acid dragon!
Joseph, a Mercenary comes into view.
He is wielding a +0 quarterstaff and carrying a wand of paralysis (5).
Casting: Scorch (safe; 1% risk of failure)
Confirm with . or Enter, or press ? or * to list all spells.
Flames lash Joseph.
Joseph is lightly wounded.
Joseph's fire resistance burns away.
Joseph unwields a +0 quarterstaff.
Joseph wields a +0 sling.
Joseph shoots a sling bullet.
The sling bullet hits you!
Casting: Scorch (safe; 1% risk of failure)
Confirm with . or Enter, or press ? or * to list all spells.
Flames lash Joseph.
Joseph is burned terribly!
Joseph is moderately wounded.
Joseph shoots a sling bullet.
The sling bullet hits you!
Casting: Scorch (safe; 1% risk of failure)
Confirm with . or Enter, or press ? or * to list all spells.
Flames lash Joseph.
Joseph is burned terribly!
Joseph is heavily wounded.
Joseph says, "I'm here to kill trespassers.
I like my job."
Joseph shoots a sling bullet.
The sling bullet hits you!
* * * LOW HITPOINT WARNING * * *
Aiming: Spit Poison (1% risk of failure)
Press: ? - help, Shift-Dir - straight line, f - Joseph
Aim: Joseph, wielding a +0 sling, wearing a +0 leather armour and carrying a wand of paralysis (5) (heavily wounded, more vulnerable to fire, 64% to hit)
The splash of poison hits Joseph but does no damage.
Joseph is poisoned.
Joseph is heavily wounded.
Casting: Scorch (safe; 1% risk of failure)
Confirm with . or Enter, or press ? or * to list all spells.
You don't have enough magic to cast this spell.
Aiming: Fastroot
Press: ? - help, Shift-Dir - straight line, f/p - Joseph
Aim: Joseph, wielding a +0 sling, wearing a +0 leather armour and carrying a wand of paralysis (5) (heavily wounded, poisoned, more vulnerable to fire)
The roots erupt in riotous growth!
Roots grab Joseph.
The grasping roots constrict Joseph.
You hear a loud, deep croak!
You hear a shout! x2; You hear a howl!
Joseph shoots a sling bullet.
The sling bullet hits you!
You die...
Your body glows slightly and disappears.

....... ##...
....... #....
...... .
#.... ....#
.. #.... ...#
#..##....
##...# ##).#
#.......
#..... ##@.#
#..... #.....
#..# ###...
##..... ##.@#
#... #......
##..##
#####..#
#......##..##
##..##..#
#......#..##
#.......#
#....#..##
##.......# #
#...#.##
#.........
...######..#
##.........
#.....#..##
#..........
#....##
##..........


You could see Joseph (poisoned, combustible, rooted).

Vanquished Creatures
  A troll (D:5)
  Sigmund (D:4)
  7 yaks (D:7)
  A vampire (D:8)
  A steam dragon (D:7)
  An acid dragon (D:9)
  2 water moccasins
  A sky beast (D:6)
  2 ice beasts (D:7)
  2 black bears
  2 ogres
  A phantom (D:6)
  3 centaurs
  2 kobold brigands
  A bullfrog (D:7)
  A gnoll sergeant (D:7)
  2 scorpions
  9 wights
  6 howler monkeys
  6 hounds
  6 orc priests
  A jelly (D:5)
  A sleepcap (D:8)
  2 gnoll boudas
  Natasha (thrice) (D:2)
  4 iguanas
  5 orc wizards
  A mummy (Ossuary)
  21 gnolls
  8 adders
  A white imp (D:5)
  A worm (D:2)
  A dart slug (D:4)
  52 orcs
  4 spectral bats (Ossuary)
  3 bat simulacra (Ossuary)
  3 endoplasms
  7 giant cockroaches
  12 gnoll zombies (Ossuary)
  7 goblins
  8 hobgoblins
  16 jackals (D:3)
  10 kobolds
  2 quokkas (D:1)
  2 ball pythons
  3 bats
  2 frilled lizards (D:1)
  2 goblin simulacra (Ossuary)
  2 goblin zombies (Ossuary)
  2 hobgoblin zombies (Ossuary)
  4 kobold simulacra (Ossuary)
  7 kobold zombies (Ossuary)
  7 orc zombies (Ossuary)
  5 rats
  2 rat simulacra (Ossuary)
  4 spectral goblins (Ossuary)
  3 spectral kobolds (Ossuary)
  6 spectral rats (Ossuary)
  8 bushes (D:7)
290 creatures vanquished.

Vanquished Creatures (collateral kills)
  A foxfire (D:2)
1 creature vanquished.

Vanquished Creatures (others)
  5 bushes (D:7)
  148 foxfires
  17 plants
170 creatures vanquished.

Grand Total: 461 creatures vanquished

Notes
Turn   | Place    | Note
-------+----------+-------------------------------------------
     0 | D:1      | porkupine the Naga Fire Elementalist began the quest for
                  | the Orb.
     0 | D:1      | Reached XP level 1. HP: 15/15 MP: 3/3
   444 | D:1      | Reached XP level 2. HP: 22/22 MP: 5/5
   447 | D:1      | Learned a level 2 spell: Scorch
  1106 | D:2      | Reached XP level 3. HP: 28/28 MP: 3/6
  1274 | D:2      | Noticed Natasha
  1282 | D:2      | Killed Natasha
  1283 | D:2      | Reached skill level 1 in Translocations
  1283 | D:2      | Reached XP level 4. HP: 10/36 MP: 0/8
  1383 | D:2      | Learned a level 4 spell: Flame Wave
  1627 | D:2      | Noticed Natasha
  1631 | D:2      | Killed Natasha
  1632 | D:2      | Reached skill level 1 in Hexes
  1790 | D:2      | Noticed Natasha
  1795 | D:2      | Killed Natasha
  1933 | D:3      | Reached XP level 5. HP: 42/42 MP: 9/9
  1960 | D:3      | Learned a level 3 spell: Inner Flame
  2191 | D:3      | Reached skill level 1 in Ranged Weapons
  2228 | D:3      | Reached skill level 4 in Fire Magic
  2228 | D:3      | Reached XP level 6. HP: 40/49 MP: 6/10
  2605 | D:3      | Reached XP level 7. HP: 55/55 MP: 10/12
  2609 | D:3      | Learned a level 3 spell: Volatile Blastmotes
  3997 | D:4      | Noticed Sigmund
  4007 | D:4      | Killed Sigmund
  4008 | D:4      | Reached XP level 8. HP: 52/62 MP: 7/14
  4085 | D:4      | Found a sand-covered staircase.
  4091 | Ossuary  | Entered an ossuary
  4708 | D:4      | Found Moakh's Weapon Shoppe.
  4772 | D:4      | Reached skill level 5 in Fire Magic
  4845 | D:4      | Found Utojec's Distillery.
  4847 | D:4      | Found Wobbom's General Store.
  4858 | D:4      | Found Wiumiqoz's Book Boutique.
  5173 | D:4      | Bought a potion of curing for 33 gold pieces
  5198 | D:5      | Entered Level 5 of the Dungeon
  5230 | D:5      | Found a broken altar of Ashenzari.
  5283 | D:5      | Noticed a troll
  5289 | D:5      | Killed a troll
  5418 | D:5      | Found a shimmering blue altar of Sif Muna.
  5925 | D:6      | Reached skill level 5 in Ranged Weapons
  5926 | D:6      | Reached XP level 9. HP: 61/68 MP: 7/16
  5943 | D:6      | Reached skill level 5 in Spellcasting
  6171 | D:6      | Found a runed translucent gate.
  6171 | D:6      | Found a runed translucent gate.
  6171 | D:6      | Found a runed translucent gate.
  6227 | D:6      | Found a sparkling altar of Nemelex Xobeh.
  6233 | D:6      | Became a worshipper of Nemelex Xobeh the Trickster
  6419 | D:6      | Noticed ElricMelnibone's ghost (amateur GnHs)
  6439 | D:6      | Reached skill level 6 in Fire Magic
  6709 | D:6      | You are sucked into a shaft and drop 2 floors!
  7131 | D:7      | Found a shimmering altar of Xom.
  7190 | D:7      | Found a staircase to the Ecumenical Temple.
  7302 | D:7      | Reached skill level 5 in Dodging
  7317 | D:7      | Reached skill level 7 in Fire Magic
  7317 | D:7      | Reached XP level 10. HP: 8/75 MP: 6/19
  7575 | D:7      | Learned a level 4 spell: Summon Lightning Spire
  7769 | D:7      | Reached skill level 1 in Summonings
  7769 | D:7      | Reached skill level 1 in Air Magic
  8767 | D:8      | Reached * piety under Nemelex Xobeh
  8864 | D:8      | Found a radiant altar of Vehumet.
  8866 | D:8      | Received a gift from Nemelex Xobeh
  9342 | D:8      | Noticed an ice statue
  9913 | D:8      | Found Loguesel's Antique Armour Boutique.
  9965 | D:8      | Bought a faintly glowing scale mail for 297 gold pieces
  9965 | D:8      | Identified the +0 scale mail of Cheibriados's Approval
                  | {Int+4} (You bought it in a shop on level 8 of the Dungeon)
 10070 | D:8      | Identified the staff of cold "Heosib" {rC+ rN+ Dex+3}
 10093 | D:8      | HP: 1/75 [ice beast[an ice statue] (7)]
 10680 | D:9      | Noticed Joseph
 10685 | D:9      | Shot with a sling bullet by Joseph

Illustrated notes

Levels and vault maps discovered:
D:1:      ncdulo_watergridlock, layout_basic
D:2:      layout_basic, serial_bayou, serial_bayou_shore_a, serial_bayou_pond_e,
          serial_bayou_pond_c, serial_bayou_pond_c, minmay_pentomino_t2,
          uniq_natasha
D:3:      lemuel_castle_with_subvaults [lemuel_castle_interior_carwin_2],
          layout_basic
D:4:      layout_cave_pools, serial_shops, nicolae_shop_advertising_works
          [nicolae_subvault_shop_adworks], shop, shop,
          nicolae_book_shop_shelving, nicolae_ossuary_entry_plus, minmay_vboxes,
          uniq_sigmund
D:5:      layout_gridville, nicolae_sif_muna_condensation,
          mainiacjoe_overflow_concentric_impassable
D:6:      layout_rooms, mainiacjoe_overflow_six_doors_small, gammafunk_ghost_icy
D:7:      layout_basic, mainiacjoe_overflow_paths, minmay_temple_entry_trees,
          minmay_hedge_maze, dreamdust_gnoll_shepherd
D:8:      minmay_statue_hallways, layout_basic,
          mainiacjoe_overflow_small_starburst, serial_shops,
          nicolae_stop_n_shop_2, hangedman_abyss_or_decor_stabs
D:9:      layout_cave_pods, st_stairs_9, uniq_joseph

Skill      XL: |  1  2  3  4  5  6  7  8  9 10 |
---------------+-------------------------------+-----
Translocations | 1 |  1.0
Dodging        | 2 3 4 5 |  5.8
Hexes          | 1 2 |  2.0
Spellcasting   | 3 4 6 |  6.7
Conjurations   | 2 3 4 |  4.0
Ranged Weapons | 1 2 3 5 6 |  6.8
Fire Magic     | 4 5 7 |  7.2
Summonings     | 2 |  2.9
Air Magic      | 2 |  2.8
Stealth        | |  3.0

Action                     |  1- 3 |  4- 6 |  7- 9 | 10-12 || total
---------------------------+-------+-------+-------+-------++-------
  Melee: Unarmed           |     6 |       |       |       ||     6
         Dagger            |     3 |       |       |       ||     3
         Hand axe          |     6 |       |       |       ||     6
         Morningstar       |       |       |     7 |       ||     7
   Fire: Shortbow          |       |   107 |   259 |    92 ||   458
   Cast: Foxfire           |    10 |    13 |    46 |    14 ||    83
         Scorch            |    11 |    14 |    78 |    68 ||   171
         Inner Flame       |       |     6 |       |       ||     6
         Volatile Blastmot |       |       |     7 |     7 ||    14
         Flame Wave        |       |       |     6 |     1 ||     7
         Summon Lightning  |       |       |       |     2 ||     2
Ability: Spit Poison       |    22 |    22 |    40 |    12 ||    96
  Evoke: Wand              |       |       |       |    13 ||    13
    Use: Scroll            |       |     1 |    16 |     4 ||    21
         Potion            |       |       |     2 |       ||     2
   Stab: Sleeping          |     1 |       |       |       ||     1
 Armour: Robe              |     4 |     5 |    61 |    25 ||    95
  Dodge: Dodged            |     7 |    18 |    98 |    42 ||   165
